 Dungeon Crawl Stone Soup version 0.21-a0-522-ga8338f0 (webtiles) character file.

69 slep the Chopper (level 4, 0/34 HPs)
             Began as a Demonspawn Gladiator on Dec 6, 2017.
             Slain by an adder (3 damage)
             ... on level 3 of the Dungeon.
             The game lasted 00:04:07 (1365 turns).

slep the Chopper (Demonspawn Gladiator)             Turns: 1365, Time: 00:04:08

Health: 0/34       AC:  7    Str: 15    XL:     4   Next: 2%
Magic:  4/4        EV: 12    Int:  9    God:
Gold:   104        SH:  0    Dex: 15    Spells: 3/3 levels left

rFire    . . .     SeeInvis .   a - +0 war axe
rCold    . . .     Gourm    .   (no shield)
rNeg     . . .     Faith    .   e - +0 ring mail
rPois    .         Spirit   .   c - +0 helmet
rElec    .         Reflect  .   (no cloak)
rCorr    .         Harm     .   l - +0 pair of gloves (curse)
MR       .....                  (no boots)
Stlth    +.........             (no amulet)
HPRegen  0.11/turn              (no ring)
MPRegen  0.09/turn              (no ring)

@: no status effects
A: powered by pain 1, rot immunity
a: no special abilities


You were on level 3 of the Dungeon.
You were not hungry.

You visited 1 branch of the dungeon, and saw 3 of its levels.

You collected 104 gold pieces.

Inventory:

Hand Weapons
 a - a +0 war axe (weapon)
Missiles
 d - 4 throwing nets (quivered)
Armour
 b - a +0 leather armour
 c - a +0 helmet (worn)
 e - a +0 ring mail (worn)
 l - a cursed +0 pair of gloves (worn)
Scrolls
 g - a scroll of blinking {unknown}
 h - a scroll of amnesia {unknown}
 i - a scroll of remove curse {unknown}
 j - a scroll of fog {unknown}
 q - 2 scrolls of teleportation {unknown}
 r - a scroll of noise {unknown}
 s - a scroll of identify {unknown}
 t - 2 scrolls of magic mapping {unknown}
Potions
 m - a potion of might {unknown}
 n - a potion of brilliance {unknown}
 o - a potion of haste {unknown}
 u - a potion of resistance {unknown}
Comestibles
 f - 2 bread rations
 k - 4 meat rations
 p - 2 royal jellies


   Skills:
 + Level 2.4 Fighting
 + Level 3.6 Axes
 + Level 2.1 Throwing
 + Level 0.6 Armour
 + Level 3.1 Dodging


You had 3 spell levels left.
You didn't know any spells.

Dungeon Overview and Level Annotations

Branches:
Dungeon (3/15)

Altars:


Innate Abilities, Weirdness & Mutations

You sometimes gain a little power by taking damage.
You are immune to rotting.


Message History

You see here a stone.
The goblin shoots a stone.
The stone hits you.
* * * LOW HITPOINT WARNING * * *
You see here a stone.
The goblin shoots a stone.
The stone hits you.
* * * LOW HITPOINT WARNING * * *
An adder comes into view.
The adder hisses angrily.
Found 25 sling bullets and a scroll labeled USCHAU REEBRAIZA.
The goblin unwields an uncursed hunting sling.
The goblin hits you but does no damage.
You slash the goblin!
You kill the goblin!
All of the chunks of flesh in your inventory have rotted away.
You hit the adder.
The adder is lightly wounded.
The adder bites you.
* * * LOW HITPOINT WARNING * * *
The adder bites you.
You die...

##....≈....≈
#......≈≈⌠..
#.......⌠≈≈. ##
#....≈≈....≈ ...
#####...≈..≈≈..≈ #...
##.......≈....≈≈. .....
##...###...≈≈.....
......#.....##....≈≈....
......)@..(.(..###≈≈≈≈≈≈
#...#..S....#### #≈≈≈≈#
# #......## #####
#.#.#.## #(#.### ..#.#
## #.# #?#


You could see an adder.

Vanquished Creatures
  An adder (D:3)
  An ooze (D:1)
  A worm (D:2)
  A dart slug (D:1)
  2 leopard geckos
  3 giant cockroaches
  6 goblins
  6 hobgoblins
  4 jackals
  6 kobolds
  A ball python (D:2)
  4 bats
  4 frilled lizards
  6 rats
46 creatures vanquished.

Notes
Turn   | Place    | Note
-------+----------+-------------------------------------------
     0 | D:1      | slep the Demonspawn Gladiator began the quest for the Orb.
     0 | D:1      | Reached XP level 1. HP: 16/16 MP: 1/1
   161 | D:1      | Gained mutation: You are immune to rotting. [demonic ancestry]
   161 | D:1      | Reached XP level 2. HP: 18/22 MP: 2/2
   936 | D:2      | Reached XP level 3. HP: 24/28 MP: 3/3
  1336 | D:3      | Gained mutation: You sometimes gain a little power by taking damage. [demonic ancestry]
  1336 | D:3      | Reached XP level 4. HP: 19/34 MP: 4/4
  1365 | D:3      | Slain by an adder

Vault maps used:
D:1:      sevenhm_arrival_forest_fort_large_4
D:2:      first_bread, hangedman_decor_opposing
D:3:      cheibrodos_helix_gallery

Skill      XL: |  1  2 |
---------------+-------+-----
Throwing       | 2 |  2.1
Dodging        | 3 |  3.1
Axes           | 3 |  3.6
Fighting       | |  2.4
Armour         | |  0.6

Action                   |  1- 3 |  4- 6 || total
-------------------------+-------+-------++-------
Melee: War axe           |   106 |     2 ||   108
  Eat: Chunk             |     1 |     1 ||     2
Armor: Ring mail         |    46 |     1 ||    47
Dodge: Dodged            |    86 |       ||    86

Table legend:
 A = Spawn XP
 B = Non-spawn XP
 C = Spawn XP percentage of total XP
 D = Spawn monster count
 E = Non-spawn monster count
 F = Spawn count percentage of total count
 G = Total turns spent on level
                    A         B        C        D         E        F      G
               +---------+---------+-------+---------+---------+-------+---------
         Total |       0 |      99 |   0.0 |       0 |      46 |   0.0 |  1365
               +---------+---------+-------+---------+---------+-------+---------
           D:1 |       0 |      35 |   0.0 |       0 |      17 |   0.0 |   871
           D:2 |       0 |      30 |   0.0 |       0 |      15 |   0.0 |   370
           D:3 |       0 |      34 |   0.0 |       0 |      14 |   0.0 |   124
               +---------+---------+-------+---------+---------+-------+---------
